 Seeded DCSS version 0.30-a0-341-g682706514a (webtiles) character file.

Game seed: 20221102 (custom seed)

146 flotson the Sneak (level 5, -3/63 HPs)
             Began as a Demonspawn Delver on Nov 2, 2022.
             Slain by Sigmund
             ... wielding a +0 scythe
              (6 damage)
             ... on level 3 of the Dungeon.
             The game lasted 00:05:05 (2162 turns).

flotson the Sneak (Demonspawn Delver)               Turns: 2162, Time: 00:05:06

Health: -3/63      AC: 22    Str: 14    XL:     5   Next: 7%
Magic:  5/5        EV:  2    Int: 11    God:
Gold:   181        SH:  0    Dex: 15    Spells: 4/4 levels left

rFire   . . .      SeeInvis .    x - +0 whip (distort)
rCold   . . .      Faith    .    (no shield)
rNeg    . . .      Spirit   .    (body armour currently unavailable)
rPois   +          Reflect  .    (helmet currently unavailable)
rElec   .          Harm     .    (cloak currently unavailable)
rCorr   .          Rampage  .    (gloves currently unavailable)
Will    .....      NoTele   +    (boots currently unavailable)
Stlth   +++.......               (no amulet)
HPRegen 0.30/turn                (no ring)
MPRegen 0.09/turn                (no ring)

@: tree-form, on berserk cooldown, slowed, very slow
A: stationary, stasis, torment immunity, boosted hp, (large bone plates 1), foul
stench 1
a: no special abilities


You were on level 3 of the Dungeon.
You were a tree.
You visited 1 branch of the dungeon, and saw 5 of its levels.

You collected 181 gold pieces.

Inventory:

Hand Weapons
 w - a +1 antimagic long sword
 x - a +0 whip of distortion (weapon)
Missiles
 n - 5 poisoned darts (quivered)
 u - 6 curare-tipped darts
Armour
 k - a +0 ring mail (melded)
 v - a +2 helmet (melded)
Wands
 g - a wand of digging (3)
Scrolls
 b - a scroll of silence {unknown}
 c - a scroll of fog
 d - a scroll of magic mapping
 e - a scroll of fear
 h - a scroll of noise {unknown}
 i - a scroll of poison {unknown}
 j - 5 scrolls of identify {unknown}
 o - a scroll of brand weapon {unknown}
 t - a scroll of vulnerability {unknown}
Potions
 p - 2 potions of might


   Skills:
 + Level 3.7 Fighting
 - Level 1.7(1.8) Axes
 + Level 0.2(1.1) Maces & Flails
 + Level 1.5 Throwing
 + Level 1.7 Armour
 + Level 2.6 Dodging
 - Level 4.5 Stealth
 + Level 1.8 Evocations


You had 4 spell levels left.
You didn't know any spells.
Your spell library contained the following spells:

 Spells                   Type           Power      Damage    Failure   Level
 Magic Dart               Conj           0%         1d3       34%         1
 Sandblast                Erth           0%         2d4       34%         1
 Call Imp                 Summ           0%         N/A       47%         2
 Cigotuvi's Dreadful Rot  Necr/Pois/Air  0%         N/A       47%         2
 Passwall                 Tmut/Erth      0%         N/A       47%         2
 Poisonous Vapours        Pois/Air       0%         N/A       47%         2
 Call Canine Familiar     Summ           0%         N/A       71%         3
 Mephitic Cloud           Conj/Pois/Air  0%         N/A       71%         3
 Portal Projectile        Hex/Tloc       0%         N/A       71%         3
 Stone Arrow              Conj/Erth      0%         3d7       71%         3
 Summon Guardian Golem    Hex/Summ       0%         N/A       71%         3
 Tukima's Dance           Hex            0%         N/A       71%         3
 Leda's Liquefaction      Hex/Erth       0%         N/A       98%         4
 Passage of Golubria      Tloc           0%         N/A       98%         4
 Yara's Violent Unravell  Hex/Tmut       0%         3d3       100%        5
 Orb of Destruction       Conj           0%         9d5       100%        7
 Spellforged Servitor     Conj/Summ      0%         N/A       100%        7


Dungeon Overview and Level Annotations

Branches:
Dungeon (5/15)
 Temple: D:4-7

Altars:
Nemelex Xobeh

Annotations:
D:3 Sigmund


Innate Abilities, Weirdness & Mutations

You are a tree.
Your roots penetrate the ground, keeping you stationary.
You cannot be teleported.
You are immune to unholy pain and torment.
Your maximum health is greatly increased.
Your equipment is partially melded.
((You are partially covered in large bone plates. (SH +4)))
You may rarely emit foul miasma when damaged in melee.


Message History

Something hits you but does no damage.
You cannot move.
You cannot move.
You cannot move.
You cannot move.
You cannot move.
You whack something!
The hobgoblin shouts!
You cannot move.
You swing at nothing.
You feel a strong urge to attack something.
You swing at nothing.
You feel your anger nearly subside.
You are no longer berserk.
You are exhausted.
You feel yourself slow down.
You closely miss the hobgoblin. The hobgoblin barely misses you.
The hobgoblin hits you but does no damage.
You hit the hobgoblin.
The hobgoblin is severely wounded.
The hobgoblin blinks!
Something hits you but does no damage.
You hit the hobgoblin but do no damage.
Space warps around the hobgoblin.
The hobgoblin is almost dead.
You hear some strange, mumbled words.
Something tries to affect you, but you resist.
The hobgoblin hits you but does no damage.
Something hits you.
* * * LOW HITPOINT WARNING * * *
You barely miss the hobgoblin.
The hobgoblin is almost dead.
The hobgoblin hits you but does no damage.
Something hits you but does no damage.
The hobgoblin hits you but does no damage.
You hit the hobgoblin but do no damage.
Space warps horribly around the hobgoblin.
You kill the hobgoblin!
Something hits you but does no damage.
You swing at nothing.
Something hits you.
You die...

###.## #.# #.#
#.### #.# #...###
#.# ###...# #.# #
###.## #.# .#
#..######!# ###.#
##.....##)###...#
#####....?..>#
####♣#.### #?#.#
#.#.# #.#.# ..#.#
....# #####


There were no monsters in sight!

Vanquished Creatures
  4 gnolls (D:3)
  3 adders
  A worm (D:2)
  A dart slug (D:2)
  2 orcs
  9 bats
  An endoplasm (D:1)
  4 giant cockroaches
  9 goblins
  8 hobgoblins
  8 jackals
  6 ball pythons
  3 frilled lizards
  8 kobolds
  3 rats
70 creatures vanquished.

Notes
Turn   | Place    | Note
-------+----------+-------------------------------------------
     0 | D:5      | flotson the Demonspawn Delver began the quest for the Orb.
     0 | D:5      | Reached XP level 1. HP: 18/18 MP: 1/1
    15 | D:5      | Found a sparkling altar of Nemelex Xobeh.
    26 | D:5      | Noticed a hound
   185 | D:3      | Noticed Sigmund
   231 | D:4      | Noticed an orc priest
   463 | D:2      | Gained mutation: You are partially covered in large bone
                  | plates. (SH +4) [demonic ancestry]
   463 | D:2      | Reached XP level 2. HP: 24/24 MP: 2/2
   676 | D:1      | Reached skill level 1 in Evocations
   685 | D:1      | Gained mutation: You may rarely emit foul miasma when
                  | damaged in melee. [demonic ancestry]
   685 | D:1      | Reached XP level 3. HP: 12/29 MP: 3/3
   857 | D:1      | Reached skill level 1 in Armour
  1432 | D:2      | Reached skill level 1 in Throwing
  1629 | D:2      | Reached XP level 4. HP: 35/35 MP: 4/4
  2098 | D:3      | Reached XP level 5. HP: 42/42 MP: 5/5
  2148 | D:3      | HP: 1/63 [something (9)]
  2159 | D:3      | HP: 1/63 [something (3)]
  2162 | D:3      | Slain by Sigmund

Illustrated notes

Levels and vault maps discovered:
D:1:      spicycebolla_arrival_clurvy, layout_basic,
          minmay_misc_feat_four_crosses, serial_park_tiny_pond
D:2:      layout_rooms
D:3:      layout_basic, minmay_bisected, uniq_sigmund
D:4:      layout_basic
D:5:      layout_loops_ring, nemelex_xobeh_ov_fountains_minmay

Skill      XL: |  1  2  3 |
---------------+----------+-----
Dodging        | 2 |  2.6
Evocations     | 1 |  1.8
Armour         | 1 |  1.7
Throwing       | 1 |  1.5
Fighting       | |  3.7
Axes           | |  1.7
Maces & Flails | |  0.2
Stealth        | |  4.5

Action                   |  1- 3 |  4- 6 || total
-------------------------+-------+-------++-------
Melee: Hand axe          |   186 |    27 ||   213
       Long sword        |       |    23 ||    23
       Whip              |       |    19 ||    19
  Use: Potion            |       |     7 ||     7
 Stab: Sleeping          |     3 |       ||     3
Armor: Ring mail         |    70 |    25 ||    95
       Leather armour    |     1 |       ||     1
       Skin              |       |     8 ||     8
Dodge: Dodged            |   128 |    37 ||   165
Block: Other             |    39 |     9 ||    48

Table legend: (Time is in decaauts)
 A = Elapsed time spent in this place.
 B = Non-inter-level travel time spent in this place.
 C = Inter-level travel time spent in this place.
 D = Time resting spent in this place.
 E = Time spent auto-exploring this place.
 F = Levels seen in this place.
 G = Mean time per level.
                   A        B        C        D        E       F      G
               +--------+--------+--------+--------+--------+-----+--------+
         Total |   2219 |   2171 |     48 |     56 |   1420 |   5 |  443.8 |
       Dungeon |   2219 |   2171 |     48 |     56 |   1420 |   5 |  443.8 |
               +--------+--------+--------+--------+--------+-----+--------+

Top non-repeatable levels by time:
     D:1: 733 daAuts
     D:2: 691 daAuts
     D:3: 391 daAuts
     D:4: 340 daAuts
     D:5: 63 daAuts
